 Dungeon Crawl Stone Soup version 0.25-a0-489-g9ae84a01e3 (webtiles) character file.

Game seed: 1872934741380612877, levelgen mode: deterministic

0 RedPan the Magician (level 1, 9/13 HPs)
             Began as a Gnoll Wanderer on Feb 11, 2020.
             Quit the game on level 1 of the Dungeon.
             The game lasted 00:00:17 (37 turns).

RedPan the Magician (Gnoll Wanderer)                  Turns: 37, Time: 00:00:18

Health: 9/13       AC:  2    Str: 16    XL:     1   Next: 10%
Magic:  8/8        EV: 11    Int: 15    God:
Gold:   8          SH:  0    Dex: 11    Spells: 13/14 levels left

rFire    . . .     SeeInvis .   a - +0 club
rCold    . . .     Gourm    .   (no shield)
rNeg     . . .     Faith    .   d - +0 robe
rPois    .         Spirit   .   (no helmet)
rElec    .         Reflect  .   (no cloak)
rCorr    .         Harm     .   (no gloves)
MR       .....                  (no boots)
Stlth    ++........             (no amulet)
HPRegen  0.04/turn              (no ring)
MPRegen  0.11/turn              (no ring)

@: no status effects
A: distributed training, fangs 1, strong nose
a: no special abilities


You were on level 1 of the Dungeon.
You were not hungry.

You visited 1 branch of the dungeon, and saw 1 of its levels.

You collected 8 gold pieces.

Inventory:

Hand Weapons
 a - a +0 club (weapon)
Armour
 d - a +0 robe (worn)
Scrolls
 c - a scroll of teleportation
Potions
 b - a potion of curing
Comestibles
 f - a ration
 g - a chunk of flesh


   Skills:
 + Level 0.0 Fighting
 + Level 4.4 Short Blades
 + Level 0.0 Long Blades
 + Level 0.0 Axes
 + Level 0.0 Maces & Flails
 + Level 0.0 Polearms
 + Level 0.0 Staves
 + Level 0.0 Slings
 + Level 0.0 Bows
 + Level 0.0 Crossbows
 + Level 0.0 Throwing
 + Level 0.0 Armour
 + Level 0.0 Dodging
 + Level 2.1 Stealth
 + Level 2.3 Shields
 + Level 0.0 Unarmed Combat
 + Level 7.0 Spellcasting
 + Level 3.6 Conjurations
 + Level 0.0 Hexes
 + Level 0.0 Charms
 + Level 0.0 Summonings
 + Level 0.0 Necromancy
 + Level 0.0 Translocations
 + Level 0.0 Transmutations
 + Level 0.0 Fire Magic
 + Level 0.0 Ice Magic
 + Level 0.0 Air Magic
 + Level 0.0 Earth Magic
 + Level 0.0 Poison Magic
 + Level 0.0 Invocations
 + Level 2.3 Evocations


You had 13 spell levels left.
You knew the following spells:

 Your Spells              Type           Power        Failure   Level  Hunger
a - Magic Dart            Conj           ###.         3%          1    None

Your spell library contained the following spells:

 Spells                   Type           Power        Failure   Level  Hunger
 Conjure Flame            Conj/Fire      ##......     19%         3    ##.....
 Blink                    Tloc           N/A          21%         2    None
 Call Imp                 Summ           #.......     21%         2    None
 Slow                     Hex            #.......     21%         2    None
 Mephitic Cloud           Conj/Pois/Air  #.......     24%         3    ##.....


Dungeon Overview and Level Annotations

Branches:
Dungeon (1/15)

Altars:


Innate Abilities, Weirdness & Mutations

Your experience applies equally to all skills.
You have very sharp teeth.
Your uncanny sense of smell can sniff out nearby items.


Message History

A frilled lizard comes into view.
A frilled lizard is nearby!
The frilled lizard bites you but does no damage.
You closely miss the frilled lizard. Your bite misses the frilled lizard.
The frilled lizard bites you. x2
You are too injured to fight recklessly!
You are too injured to fight recklessly!
You are too injured to fight recklessly!
You closely miss the frilled lizard. The frilled lizard closely misses you.
You hit the frilled lizard.
You kill the frilled lizard!
You see here a frilled lizard corpse.
You butcher the frilled lizard corpse.
g - a chunk of flesh You see here a frilled lizard skeleton.
Saving game... please wait.
Warning: Bad travel_delay: "20 (or -1 online)" (~/.crawlrc:139) Welcome back, RedPan the Gnoll Wanderer.
Press ? for a list of commands and other information.
Are you sure you want to abandon this character and quit the game? (Confirm with "yes".)

# #.....# #.#.....#
#.#.>...#####.#
####..........$... ∆
#..........######+ ∆
#...............#
#..............##+#
#..........##...#.#
#.)....@##.##..##'##
#######.##.#####...###
#.##.'.'.'.<.'.+
#..#######...### ##. ∆
##'## .# #.# .# #+# ..


There were no monsters in sight!

Vanquished Creatures
  A frilled lizard (D:1)
1 creature vanquished.

Notes
Turn   | Place    | Note
-------+----------+-------------------------------------------
     0 | D:1      | RedPan the Gnoll Wanderer began the quest for the Orb.
     0 | D:1      | RedPan set off with the following items: a +0 club, a
                  | potion of curing, a scroll of teleportation, a +0 robe, a
                  | ration; and the following spell memorised: Magic Dart; and
                  | the following spells available to memorise: Conjure Flame,
                  | Blink, Call Imp, Slow, Mephitic Cloud
     0 | D:1      | Reached XP level 1. HP: 13/13 MP: 8/8
    37 | D:1      | Quit the game

Levels and vault maps discovered:
D:1:      minmay_arrival_doors, layout_rooms

Action                   || total
-------------------------++-------
Melee: Club              ||     3
Armor: Robe              ||     1
Dodge: Dodged            ||     1

Table legend:
 A = Non-vault XP
 B = Vault XP
 C = Vault XP percentage of total XP
 D = Non-vault monster count
 E = Vault monster count
 F = Vault count percentage of total count
                 A         B        C        D         E       F
            +---------+---------+-------+---------+---------+-------
      Total |       1 |       0 |   0.0 |       1 |       0 |   0.0
            +---------+---------+-------+---------+---------+-------
        D:1 |       1 |       0 |   0.0 |       1 |       0 |   0.0
            +---------+---------+-------+---------+---------+-------
